 Dungeon Crawl Stone Soup version 0.19-a0-414-g76fec5b (webtiles) character file.

1317 McCoppin the Cleaver (level 8, -7/64 HPs)
             Began as a Demonspawn Gladiator on May 31, 2016.
             Killed by divine providence
             ... invoked by an orc priest
              (10 damage)
             ... on level 6 of the Dungeon.
             The game lasted 00:14:22 (2392 turns).

McCoppin the Cleaver (Demonspawn Gladiator)         Turns: 2392, Time: 00:14:23

Health: -7/64      AC:  9    Str: 19    XL:     8   Next: 33%
Magic:  8/8        EV:  8    Int:  9    God:
Gold:   223        SH:  0    Dex: 13    Spells: 0 memorised, 7 levels left

rFire  . . .     SeeInvis .     a - +0 war axe
rCold  . . .     Gourm    .     p - +0 chain mail
rNeg   . . .     Faith    .     (no shield)
rPois  .         Spirit   .     (helmet restricted)
rElec  .         Dismiss  .     (no cloak)
rCorr  .         Reflect  .     m - +0 pair of gloves
SustAt .         Harm     .     (no boots)
MR     .....                    (no amulet)
Stlth  ..........               (no ring)
                                (no ring)

@: not resistant to hostile enchantments, extremely unstealthy
A: horns 1, demonic guardian 1, powered by death 2, wild magic 1
a: no special abilities


You were on level 6 of the Dungeon.
You were hungry.

You visited 1 branch of the dungeon, and saw 6 of its levels.
You also visited: Sewer.

You collected 223 gold pieces.

Inventory:

Hand Weapons
 a - a +0 war axe (weapon)
Missiles
 d - 3 throwing nets (quivered)
Armour
 b - a +0 leather armour
 c - a +0 helmet
 h - a +0 scale mail
 j - a +0 plate armour
 m - a +0 pair of gloves (worn)
 p - a +0 chain mail (worn)
Scrolls
 g - a scroll of noise {unknown}
 i - a scroll of fog
 l - a scroll of recharging {unknown}
 n - a scroll of random uselessness {unknown}
 q - a scroll of teleportation
Potions
 e - a potion of cancellation
 r - a potion of cure mutation {unknown}
 s - a potion of lignification {unknown}
 t - a potion of curing
Comestibles
 f - a bread ration
 k - 2 meat rations


   Skills:
 + Level 6.0 Fighting
 * Level 8.2 Axes
 - Level 1.7 Throwing
 - Level 2.6 Dodging


You had 7 spell levels left.
You didn't know any spells.

Dungeon Overview and Level Annotations

Branches:
Dungeon (6/15)
 Temple: D:4-7

Altars:
Ashenzari
Dithmenos
Elyvilon
Hepliaklqana
Kikubaaqudgha
Okawaru
Ru
Xom
Yredelemnul
The Shining One


Innate Abilities, Weirdness & Mutations

You have a pair of small horns on your head.
A weak demonic guardian rushes to your aid.
You regenerate health from kills.
Your spells are a little harder to cast, but a little more powerful.


Message History

You destroy the phantom!
Your iron imp disappears in a puff of smoke!
The orc warrior hits you from afar with an enchanted trident!
Unknown command.
You are too injured to fight recklessly!
The orc warrior barely misses you.
Your iron imp hits the orc warrior.
Things that are here:
a flail; an orc corpse The orc warrior hits you with an enchanted trident!
* * * LOW HITPOINT WARNING * * *
Your iron imp hits the orc warrior but does no damage.
The orc priest casts a cantrip, but nothing happens.
You barely miss the orc warrior.
The orc warrior is lightly wounded.
Your iron imp disappears in a puff of smoke!
The orc warrior hits you with an enchanted trident!
* * * LOW HITPOINT WARNING * * *
The orc priest invokes the aid of Beogh against you.
Beogh smites you!
You die...

#.......###.#
#..###.#...# .#
#..# #.##..#
.######..# #.##..#
......†..###.##..#
.######.###...#..#
.## #.##.......#
..##
#.###...#)§###
...####.#
##.##.@oo#
........# ##
#.)#.# ....###.#
#(..... ..#.# #...
....o...# .##.#
#.### ##.##.##.#
.###. .## #.# .#
.# .# ### #.# $# #
.. #. # ..


You could see an orc warrior, an orc priest and an orc.

Vanquished Creatures
  The ghost of Yehuk the Conjurer, an amateur DECj (D:3)
  Purgy (Sewer)
  An orc warrior (D:6)
  A phantom (D:6)
  An ogre (D:6)
  A water moccasin zombie (D:6)
  A scorpion (D:6)
  A hound (D:4)
  A giant frog skeleton (D:6)
  A centaur zombie (D:5)
  4 orc priests (D:6)
  3 orc wizards (D:6)
  A gnoll shaman (D:5)
  Natasha (D:3)
  5 worker ants
  4 gnolls (D:5)
  8 adders
  A shadow imp (D:6)
  An adder zombie (D:6)
  2 worms (D:3)
  6 giant geckos
  4 orcs
  2 bats
  5 giant cockroaches
  3 hobgoblins
  9 jackals
  7 kobolds
  A quokka (D:3)
  A giant gecko skeleton (D:6)
  5 giant newts
  2 goblins
  7 rats
92 creatures vanquished.

Vanquished Creatures (collateral kills)
  An ice beast (D:6)
  A howler monkey (D:6)
  An orc priest (D:6)
  2 orcs (D:6)
5 creatures vanquished.

Grand Total: 97 creatures vanquished

Notes
Turn   | Place    | Note
--------------------------------------------------------------
     0 | D:1      | McCoppin the Demonspawn Gladiator began the quest for the Orb.
     0 | D:1      | Reached XP level 1. HP: 16/16 MP: 1/1
    40 | D:1      | Reached skill level 3 in Axes
    40 | D:1      | Gained mutation: You regenerate a little health from kills. [demonic ancestry]
    40 | D:1      | Reached XP level 2. HP: 3/23 MP: 2/2
   302 | D:2      | Found a shadowy altar of Dithmenos.
   307 | D:2      | Found a glowing golden altar of the Shining One.
   308 | D:2      | Found an iron altar of Okawaru.
   308 | D:2      | Found a sacrificial altar of Ru.
   308 | D:2      | Found a basalt altar of Yredelemnul.
   308 | D:2      | Found a shimmering altar of Xom.
   311 | D:2      | Found a white marble altar of Elyvilon.
   312 | D:2      | Found a shattered altar of Ashenzari.
   476 | D:3      | Found an ancient bone altar of Kikubaaqudgha.
   476 | D:3      | Found a hazy altar of Hepliaklqana.
   491 | D:3      | Reached XP level 3. HP: 26/28 MP: 3/3
   593 | D:3      | Noticed Yehuk's ghost (amateur DECj)
   596 | D:2      | Found a faded altar of an unknown god.
   643 | D:3      | Killed Yehuk's ghost
   643 | D:3      | Reached skill level 4 in Axes
   643 | D:3      | Reached XP level 4. HP: 21/35 MP: 4/4
   643 | D:3      | Gained mutation: You regenerate health from kills. [demonic ancestry]
   643 | D:3      | Reached XP level 5. HP: 25/41 MP: 5/5
   782 | D:3      | Noticed Natasha
   790 | D:3      | Killed Natasha
   935 | D:4      | Reached skill level 5 in Axes
  1041 | D:4      | Gained mutation: You have a pair of small horns on your head. [demonic ancestry]
  1041 | D:4      | Reached XP level 6. HP: 33/48 MP: 6/6
  1122 | D:4      | Found a glowing drain.
  1145 | Sewer    | Entered a sewer
  1195 | Sewer    | Noticed Purgy
  1198 | Sewer    | Gained mutation: Your spells are a little harder to cast, but a little more powerful. [potion of beneficial mutation]
  1217 | Sewer    | Killed Purgy
  1446 | D:5      | Entered Level 5 of the Dungeon
  1458 | D:5      | Reached skill level 6 in Axes
  1672 | D:5      | Gained mutation: A weak demonic guardian rushes to your aid. [demonic ancestry]
  1672 | D:5      | Reached XP level 7. HP: 36/55 MP: 7/7
  1788 | D:6      | Reached skill level 5 in Fighting
  1884 | D:6      | Reached skill level 7 in Axes
  1957 | D:6      | Reached XP level 8. HP: 11/63 MP: 8/8
  2373 | D:6      | Reached skill level 8 in Axes
  2392 | D:6      | HP: 3/64 [orc warrior/enchanted trident (16)]
  2392 | D:6      | Killed from afar by an orc priest

Vault maps used:
D:1:      dpeg_arrival_pond, minmay_misc_feat_x
D:2:      minitemple, ecumenical_altar_1
D:3:      grunt_temple_overflow_open, glass_columns_c, uniq_natasha
D:4:      portal_sewer_entry_f
D:5:      lemuel_castle_with_subvaults, first_bread
Sewer:    sewer_the_crocodile

Skill      XL: |  1  2  3  4  5  6  7  8 |
---------------+-------------------------+-----
Axes           | 3 4 5 6 7 8 |  8.2
Fighting       | 3 4 5 6 |  6.0
Throwing       | |  1.7
Dodging        | |  2.6

Action                   |  1- 3 |  4- 6 |  7- 9 || total
-------------------------+-------+-------+-------++-------
Melee: War axe           |   116 |   172 |   118 ||   406
       Headbutt          |       |    24 |    24 ||    48
  Use: Scroll            |       |     4 |     3 ||     7
       Potion            |       |     1 |     4 ||     5
  Eat: Chunk             |       |     2 |     3 ||     5
Armor: Leather armour    |    17 |       |       ||    17
       Scale mail        |    37 |    82 |       ||   119
       Chain mail        |       |    35 |    81 ||   116
Dodge: Dodged            |    90 |   138 |    52 ||   280
